[Event "Late-Titled-Tuesday-Blitz-May-14-2024"]
[Site "Chess.com"]
[Date "2024.05.14"]
[Round "1"]
[White "vpsetter"]
[Black "Kiborg95"]
[Result "0-1"]
[WhiteElo "2511"]
[BlackElo "2909"]
[TimeControl "180+1"]
[EndTime "14:07:24 PDT"]
[Termination "Kiborg95 won by resignation"]

1. e4 d6 2. d4 Nf6 3. Nc3 e5 4. Nf3 Nbd7 5. Bc4 Be7 6. O-O O-O 7. a4 c6 8. Re1 h6 9. Ba2 a5 10. h3 Re8 11. Be3 exd4 12. Nxd4 Bf8 13. f3 Ne5 14. Qd2 Ng6 15. Rad1 Bd7 16. Nde2 Be6 17. Bxe6 fxe6 18. Nf4 Ne5 19. Qf2 Nc4 20. Bc1 Qc7 21.
Ng6 d5 22. b3 Bb4 23. Rd3 Qf7 24. Qg3 Nd6 25. Ne5 Qh5 26. Bd2 Rad8 27. Ng4 Nxg4 28. hxg4 Qg6 29. e5 Nf7 30. f4 h5 31. Qh4 Qxg4 32.
Qxg4 hxg4 33. f5 exf5 34. e6 Nd6 35. Bg5 Rc8 36. Re2 Bxc3 37. Rxc3 Ne4 0-1

[Event "Late-Titled-Tuesday-Blitz-May-14-2024"]
[Site "Chess.com"]
[Date "2024.05.14"]
[Round "1"]
[White "mfschulz"]
[Black "jinbojinbo"]
[Result "0-1"]
[WhiteElo "2310"]
[BlackElo "2630"]
[TimeControl "180+1"]
[EndTime "14:07:24 PDT"]
[Termination "jinbojinbo won on time"]

1. d4 f5 2. Bg5 h6 3. Bh4 g5 4.
Bg3 Nf6 5. e3 Bg7 6. Nc3 d6 7.
h4 Nc6 8. hxg5 hxg5 9. Rxh8+ Bxh8 10. Qd2 e6 11. O-O-O Ne7 12. f3 b6 13. e4 f4 14.
Bf2 Bb7 15. Bb5+ c6 16. Bc4 d5 17. exd5 exd5 18. Bb3 Qd7 19. Nh3 Nh7 20. Qd3 Qf5 21. Re1 Qxd3 22. cxd3 Kf7 23. Ne4 Nf5 24. Nexg5+ Nxg5 25. Nxg5+ Kg8 26. Nh3 Nxd4 27. Bxd4 Bxd4 28. Nxf4 Bf6 29.
Kc2 a5 30. Re6 Kf7 31. Rd6 Ke7 32. Re6+ Kf7 33. Rd6 Be7 34. Rd7 Bc8 35. Rc7 Ke8 36. Rxc6 Bd7 37. Bxd5 Rb8 38. Rg6 Rc8+ 0-1

[Event "Late-Titled-Tuesday-Blitz-May-14-2024"]
[Site "Chess.com"]
[Date "2024.05.14"]
[Round "1"]
[White "m_ezat"]
[Black "nitpicker"]
[Result "1-0"]
[WhiteElo "2610"]
[BlackElo "2284"]
[TimeControl "180+1"]
[EndTime "14:07:25 PDT"]
[Termination "m_ezat won on time"]

1. d4 Nf6 2. c4 e6 3. Nc3 Bb4 4. Qc2 c5 5. dxc5 Bxc5 6. Nf3 a6 7. Bg5 Be7 8. e3 Qc7 9. Bd3 h6 10. Bf4 d6 11. h3 Nbd7 12. O-O b6 13. Ne4 Bb7 14.
Rfd1 Ne5 15. Nxe5 dxe5 16. Bh2 O-O 17. Rac1 Rac8 18. Nxf6+ Bxf6 19. Be4 Bxe4 20. Qxe4 Qc6 21. Qb1 Rfd8 22. b3 Rxd1+ 23. Rxd1 b5 24. cxb5 axb5 25.
Bg3 Qc2 26. Qxc2 Rxc2 27. Rd7 e4 28. Rb7 Rc5 29. h4 Bc3 30. Rc7 Rxc7 31. Bxc7 b4 32.
Kf1 Kf8 33. Ke2 Ke8 34. Kd1 Kd7 35. Bg3 g5 36. Kc2 Be1 37. h5 f6 38. Kd1 Bc3 39.
Bb8 Kc6 40. Ba7 f5 41. f3 exf3 42. gxf3 Kd5 43. Ke2 1-0

[Event "Late-Titled-Tuesday-Blitz-May-14-2024"]
[Site "Chess.com"]
[Date "2024.05.14"]
[Round "1"]
[White "ameetghasi100"]
[Black "TheAlienParty"]
[Result "1-0"]
[WhiteElo "2766"]
[BlackElo "2435"]
[TimeControl "180+1"]
[EndTime "14:07:26 PDT"]
[Termination "ameetghasi100 won on time"]

1. g3 g6 2. Bg2 Bg7 3. c3 Nf6 4. Nf3 O-O 5. O-O d6 6. d4 Nc6 7. Nbd2 e5 8. e4 Bg4 9. d5 Ne7 10. h3 Bc8 11. c4 Nd7 12. Nb1 a5 13. Nc3 Nc5 14. Be3 b6 15. Nh4 f5 16. exf5 Nxf5 17. Nxf5 gxf5 18. f4 e4 19. Qd2 Qe7 20. Nb5 Kh8 21. Kh2 Bf6 22. Rg1 Rg8 23. Bf1 Ba6 24. Nd4 Bc8 25. Be2 Bd7 26. Rg2 Rg6 27. Rag1 Rag8 28. b3 Qg7 29. g4 fxg4 30. Bxg4 Bxg4 31. Rxg4 Rxg4 32. Rxg4 Qh6 33. Qg2 Qf8 34. f5 Rxg4 35. hxg4 Qg7 36. Ne6 Be5+ 37. Kh3 Qf7 38. Bxc5 bxc5 39.
Qxe4 h5 40. g5 a4 41. Kh4 axb3 42. axb3 Qe8 43. f6 Qf7 44. Qf5 Qh7 45. g6 Qd7 46. g7+ Kg8 47. Kxh5 1-0

[Event "Late-Titled-Tuesday-Blitz-May-14-2024"]
[Site "Chess.com"]
[Date "2024.05.14"]
[Round "1"]
[White "Christian-Toth"]
[Black "volcanoexplorer"]
[Result "0-1"]
[WhiteElo "2391"]
[BlackElo "2724"]
[TimeControl "180+1"]
[EndTime "14:07:26 PDT"]
[Termination "volcanoexplorer won by resignation"]

1. e4 e5 2. Nf3 Nc6 3. Nc3 Nf6 4. d4 exd4 5. Nxd4 Bb4 6. Nxc6 bxc6 7. Bd3 d5 8. Bd2 Rb8 9. O-O O-O 10. Rb1 Be6 11.
a3 Be7 12. Re1 Nd7 13. b4 Bf6 14. Na4 Re8 15. Be3 Qe7 16. Nc5 d4 17. Nxe6 dxe3 18. Nxc7 exf2+ 19. Kxf2 Bd4+ 20. Kf1 Qh4 21. Qf3 Ne5 22.
Qg3 Qf6+ 23. Ke2 Re7 24. Na6 Rbe8 25. Rf1 Qh6 26. Nc5 Bxc5 27. bxc5 Nd7 28. Rb7 Qh5+ 29. Qf3 Qxc5 30. Rfb1 g6 31. Qe3 Qxa3 32. Rxa7 Qd6 33. Rbb7 Nc5 34. Rxe7 Rxe7 35. Rxe7 Qxe7 36. e5 Nd7 37. e6 fxe6 38. Bc4 Nc5 39. Qd4 h5 40. Qe5 Kf7 41. g3 Nd7 42. Qf4+ Nf6 43. Qc7 Qxc7 0-1

[Event "Late-Titled-Tuesday-Blitz-May-14-2024"]
[Site "Chess.com"]
[Date "2024.05.14"]
[Round "1"]
[White "alexg2003"]
[Black "Cuchulin"]
[Result "1-0"]
[WhiteElo "2593"]
[BlackElo "2225"]
[TimeControl "180+1"]
[EndTime "14:07:26 PDT"]
[Termination "alexg2003 won on time"]

1. e4 c5 2. Nf3 Nc6 3. Nc3 g6 4. Bb5 Bg7 5. O-O Nf6 6. Bxc6 dxc6 7. d3 O-O 8. Qe2 Bg4 9. h3 Bxf3 10. Qxf3 Nd7 11.
Bd2 c4 12. Rad1 cxd3 13. Qxd3 Ne5 14. Qe2 Qb6 15. b3 Rfd8 16. Na4 Qc7 17. Be3 b6 18. f4 Nd7 19. c4 Nf8 20. f5 Be5 21. Nb2 Rxd1 22. Rxd1 Rd8 23. Rxd8 Qxd8 24. Qd3 Qc7 25.
Nd1 Nd7 26. Nf2 Nf6 27. a4 Kg7 28. Bd4 Qd6 29. Bxe5 Qxe5 30. g3 h5 31. Kg2 h4 32.
g4 g5 33. Qe3 Kh6 34. Qd3 Kg7 35. Qf3 Kh6 36. Kf1 Qd4 37. Kg2 c5 38. Qe2 Qe5 39.
Qe3 1-0

[Event "Late-Titled-Tuesday-Blitz-May-14-2024"]
[Site "Chess.com"]
[Date "2024.05.14"]
[Round "1"]
[White "ritanovikova"]
[Black "RantomOpening"]
[Result "0-1"]
[WhiteElo "2165"]
[BlackElo "2577"]
[TimeControl "180+1"]
[EndTime "14:07:27 PDT"]
[Termination "RantomOpening won on time"]

1. e4 c5 2. Nc3 e6 3. Nf3 Nc6 4. d4 cxd4 5. Nxd4 Nf6 6. Nxc6 bxc6 7. e5 Nd5 8. Nxd5 cxd5 9. Bd3 Qc7 10. Bf4 d6 11. Bb5+ Bd7 12. Bxd7+ Qxd7 13. O-O dxe5 14. Bxe5 f6 15. Bc3 Bd6 16. Qg4 O-O 17. Rfe1 Rae8 18. Rad1 Qf7 19. h4 e5 20. h5 d4 21. Bd2 f5 22.
Qh3 h6 23. a3 Qc4 24. Rc1 e4 25. b3 Qd5 26. c4 Qe5 27. b4 f4 28. c5 e3 29. Rcd1 Bc7 30. fxe3 fxe3 31. Bc1 Rf5 32. g4 Rf2 33. Rf1 Rh2 34. Qf3 Qg3+ 35. Qxg3 Bxg3 36.
Rde1 Bxe1 37. Rxe1 Rc2 0-1

[Event "Late-Titled-Tuesday-Blitz-May-14-2024"]
[Site "Chess.com"]
[Date "2024.05.14"]
[Round "1"]
[White "Lady_Nika"]
[Black "moro182"]
[Result "0-1"]
[WhiteElo "2503"]
[BlackElo "2898"]
[TimeControl "180+1"]
[EndTime "14:07:28 PDT"]
[Termination "moro182 won by checkmate"]

1. d4 g6 2. c4 Bg7 3. Nc3 d6 4. e4 c5 5. d5 Bxc3+ 6. bxc3 e5 7. Bd3 Qe7 8. Ne2 f5 9. f3 f4 10. Bd2 g5 11. h3 Nf6 12. Qa4+ Nbd7 13. O-O-O Kd8 14. g3 Kc7 15. g4 Nb6 16. Qa5 h5 17. Kb1 Bd7 18. Ka1 Qh7 19. Rhf1 hxg4 20. hxg4 Qe7 21.
Rh1 Rh4 22. Rxh4 gxh4 23. Ng1 Nh7 24. Nh3 Ng5 25. Nxg5 Qxg5 26. Bf1 Rh8 27. Bh3 Kb8 28. Rb1 Qd8 29. Be1 Qc7 30. Qa3 Nxc4 31. Qc1 Qa5 32. Bf1 Ne3 33. Qb2 b6 34. Bh3 Qa4 35. Rc1 Bb5 36. Bf2 Bd3 37. Bxe3 fxe3 38. Re1 e2 39. g5 Qd1+ 40. Qc1 Qxc1+ 41. Rxc1 Rg8 42. Rg1 Rxg5 43.
Rxg5 e1=Q+ 44. Kb2 Qd2+ 45. Ka3 Qxc3+ 46. Ka4 b5# 0-1

[Event "Late-Titled-Tuesday-Blitz-May-14-2024"]
[Site "Chess.com"]
[Date "2024.05.14"]
[Round "1"]
[White "Kosak12"]
[Black "KirAk47"]
[Result "1-0"]
[WhiteElo "2773"]
[BlackElo "2437"]
[TimeControl "180+1"]
[EndTime "14:07:28 PDT"]
[Termination "Kosak12 won by resignation"]

1. e4 c5 2. Nf3 d6 3. d4 cxd4 4.
Nxd4 Nf6 5. Nc3 a6 6. Bg5 e6 7.
f4 Qb6 8. Qd2 Qxb2 9. Rb1 Qa3 10. e5 h6 11. Bh4 dxe5 12. fxe5 g5 13. exf6 gxh4 14. Be2 Nd7 15. O-O Qa5 16. Kh1 Qg5 17.
Rf4 e5 18. Nd5 exf4 19. Nc7+ Kd8 20. Nde6+ fxe6 21. Nxe6+ Ke8 22. Nxg5 hxg5 23. Re1 Kd8 24. Bg4 Kc7 25. Re8 Bb4 26. Qe2 Rxe8 27. Qxe8 Nb6 28. Qe5+ Bd6 29. Qc3+ Kb8 30. Bxc8 Nxc8 31. f7 Ka7 32. Qd4+ b6 33. Qg7 Be7 34. f8=Q Rb8 35. Qf5 Rb7 36. h3 Nd6 37. Qd5 Bd8 38. Qgd4 Rd7 39. Qxd6 Rxd6 40. Qxd6 1-0

[Event "Late-Titled-Tuesday-Blitz-May-14-2024"]
[Site "Chess.com"]
[Date "2024.05.14"]
[Round "1"]
[White "albayo"]
[Black "RandomNoob04"]
[Result "0-1"]
[WhiteElo "2395"]
[BlackElo "2726"]
[TimeControl "180+1"]
[EndTime "14:07:28 PDT"]
[Termination "RandomNoob04 won by resignation"]

1. c4 Nf6 2. Nc3 e6 3. e4 d5 4. cxd5 exd5 5. e5 d4 6. exf6 dxc3 7. Bb5+ c6 8. Qe2+ Be6 9. Bc4 cxd2+ 10. Bxd2 Qxf6 11.
Nf3 Nd7 12. O-O Bd6 13. Rfe1 O-O 14. Bxe6 fxe6 15. Qxe6+ Qxe6 16. Rxe6 Bc5 17. Rae1 Nf6 18. b4 Bb6 19. Re7 Rad8 20. Rxb7 Ng4 21. Ree7 Bxf2+ 22. Kf1 Bd4 23. Ke2 Bf6 24. Red7 Rde8+ 25. Kd1 Nf2+ 26.
Kc2 Re2 27. Rxa7 Ng4 28. a4 Rxg2 29. h3 Ne3+ 30. Kd3 Nd5 31. Nd4 Bxd4 32. Kxd4 Rxd2+ 33. Kc5 Rc2+ 34. Kd6 Rf6+ 35. Ke5 Re2+ 36. Kd4 Rf4+ 37.
Kc5 Rc2+ 38. Kd6 Rf6+ 39. Ke5 Re2+ 40. Kd4 Rg2 41. b5 Nb4 42. Rd8+ Rf8 43. Rxf8+ Kxf8 44. Kc5 cxb5 45. Kxb4 bxa4 46. Rc7 Rg3 47. h4 Rg4+ 48. Ka3 Rxh4 49. Rc5 h6 50. Kb2 Kf7 51. Ka2 g5 52. Kb2 Rf4 0-1

[Event "Late-Titled-Tuesday-Blitz-May-14-2024"]
[Site "Chess.com"]
[Date "2024.05.14"]
[Round "1"]
[White "Orest_Vovk"]
[Black "ClauAmura"]
[Result "1-0"]
[WhiteElo "2661"]
[BlackElo "2325"]
[TimeControl "180+1"]
[EndTime "14:07:28 PDT"]
[Termination "Orest_Vovk won by resignation"]

1. h4 d5 2. h5 c5 3. e4 dxe4 4. Nc3 h6 5. Nxe4 Qc7 6. Bb5+ Bd7 7.
Qe2 a6 8. Bxd7+ Nxd7 9. Nf3 Ngf6 10. d3 Nxe4 11. dxe4 e6 12. Bd2 Bd6 13. O-O-O O-O-O 14. Bc3 Bf4+ 15. Kb1 Nf6 16. g3 Bg5 17. Be5 Qc6 18.
Nxg5 hxg5 19. Bxf6 gxf6 20. g4 Rd4 21. Rxd4 cxd4 22.
f3 Kb8 23. Qd3 e5 24. Qb3 Qd7 25. Qb6 d3 26. Qe3 d2 27. Rd1 Rd8 28.
c3 Qa4 29. Rxd2 Rxd2 30. Qxd2 Qb5 31. Qd1 a5 32. Qh1 Qd3+ 33. Ka1 a4 34. a3 Qd8 35. h6 Qh8 36. h7 Ka8 37. Qh5 Kb8 38. Qxf7 Ka7 39.
Qg8 1-0

[Event "Late-Titled-Tuesday-Blitz-May-14-2024"]
[Site "Chess.com"]
[Date "2024.05.14"]
[Round "1"]
[White "juancruzarias"]
[Black "Kozok"]
[Result "0-1"]
[WhiteElo "2668"]
[BlackElo "2420"]
[TimeControl "180+1"]
[EndTime "14:07:29 PDT"]
[Termination "Kozok won by resignation"]

1. d4 Nf6 2. Nf3 e6 3. e3 c5 4.
Bd3 Nc6 5. O-O d5 6. c3 b6 7.
Ne5 Bd7 8. f4 Qc7 9. Nd2 Be7 10.
Qf3 Rf8 11. b3 O-O-O 12. Bb2 Be8 13. Rac1 g6 14. c4 Nxe5 15. fxe5 Nh5 16. cxd5 exd5 17. b4 Bc6 18. bxc5 bxc5 19. dxc5 Qb7 20. Bd4 Ng7 21. Rb1 Qa8 22. Ba6+ Kc7 23. Qh3 Rb8 24. Qxh7 Nf5 25. g4 Rh8 26. Qxf7 Rbf8 27. Qe6 Bd7 28. Qxg6 Rfg8 29.
gxf5 Rxg6+ 30. fxg6 Qg8 31. Rb7+ Kc6 32. Kh1 Qxg6 33. Rfb1 Qh6 34. R1b6+ axb6 35. Rxb6+ Kc7 36. Rxh6 Rxh6 37. Kg2 Rxa6 0-1

[Event "Late-Titled-Tuesday-Blitz-May-14-2024"]
[Site "Chess.com"]
[Date "2024.05.14"]
[Round "1"]
[White "balack95"]
[Black "AlexeiShirov"]
[Result "0-1"]
[WhiteElo "2517"]
[BlackElo "2917"]
[TimeControl "180+1"]
[EndTime "14:07:30 PDT"]
[Termination "AlexeiShirov won by resignation"]

1. Nf3 d5 2. c4 c6 3. cxd5 cxd5 4.
d4 Nf6 5. Nc3 Nc6 6. Bf4 a6 7. Rc1 Qb6 8. e3 Qxb2 9. Be2 e5 10.
dxe5 Bb4 11. O-O Bxc3 12. exf6 Bxf6 13. Bd6 Be7 14. Bxe7 Nxe7 15. Rc7 Qb6 16. Rxe7+ Kxe7 17. Qxd5 Be6 18. Qg5+ Kf8 19. Nd4 h6 20. Nxe6+ Qxe6 21. Qc5+ Qe7 22. Qb6 Rc8 23. Bf3 Rc7 24. h3 g6 25. Qb2 Kg8 26. Bd5 Kh7 27. e4 Rhc8 28.
Qb6 Rc1 29. Qxb7 Rxf1+ 30. Kxf1 Qxb7 31. Bxb7 Rc1+ 32. Ke2 Rc2+ 33. Ke3 Rxa2 34. Bd5 Ra3+ 35. Kd4 Kg7 36. f4 a5 37. Kc5 Ra1 38. f5 gxf5 39.
exf5 a4 40. Kb4 a3 41. Bb3 a2 42. Ka3 Rg1 43. Bxa2 Rxg2 44. Kb3 Rg3+ 45. Kc4 Rxh3 46. Kd4 Kf6 47. Ke4 Rh4+ 48. Kf3 Rh5 49. Kg4 Rg5+ 50.
Kh4 Rxf5 51. Bb1 Rf4+ 52. Kh5 Kg7 53. Bc2 Rc4 54. Bd3 Rc5+ 55. Kh4 Rg5 56. Be4 f5 57.
Bf3 Kf6 58. Bh5 Ke5 59. Bf3 f4 60. Bc6 Kd4 61. Bf3 Ke3 0-1

[Event "Late-Titled-Tuesday-Blitz-May-14-2024"]
[Site "Chess.com"]
[Date "2024.05.14"]
[Round "1"]
[White "IlyaGrigorjev"]
[Black "maksimys18"]
[Result "1-0"]
[WhiteElo "2874"]
[BlackElo "2491"]
[TimeControl "180+1"]
[EndTime "14:07:30 PDT"]
[Termination "IlyaGrigorjev won by checkmate"]

1. c4 e6 2. d4 d5 3. Nf3 Nf6 4. g3 Be7 5. Bg2 O-O 6. O-O b6 7. cxd5 exd5 8. Nc3 Be6 9. Ne5 c5 10.
Bf4 Na6 11. Nc6 Qd7 12. Nxe7+ Qxe7 13. dxc5 bxc5 14. Qa4 Qb7 15. Rac1 Rac8 16. Rfd1 Rfd8 17. Bg5 Nb4 18. a3 Nc6 19. Bxf6 gxf6 20. Nxd5 Qxb2 21. Rxc5 Qxe2 22. Nxf6+ Kg7 23. Nh5+ Kh8 24. Rf1 Rd4 25. Qb5 Qxb5 26. Rxb5 Bc4 27. Bxc6 Bxb5 28. Bxb5 Rc5 29. Be2 Rd2 30. Nf4 Ra2 31. Rd1 Rxa3 32. Rd7 Kg7 33. Ne6+ Kf6 34. Nxc5 Ra5 35. Ne4+ Ke6 36. Rb7 Ra2 37.
Bc4+ Ke5 38. Bxa2 a5 39. Ra7 h5 40. Rxa5+ Kd4 41. Rxh5 f5 42. Rxf5 Kd3 43. h4 Kd4 44. h5 Kxe4 45. Bb1+ Kd4 46. h6 Kc4 47. h7 Kc3 48.
h8=Q+ Kd2 49. Qd4+ Ke1 50. Re5# 1-0

[Event "Late-Titled-Tuesday-Blitz-May-14-2024"]
[Site "Chess.com"]
[Date "2024.05.14"]
[Round "1"]
[White "StoreySniper"]
[Black "Evgeny81"]
[Result "0-1"]
[WhiteElo "2427"]
[BlackElo "2767"]
[TimeControl "180+1"]
[EndTime "14:07:31 PDT"]
[Termination "Evgeny81 won on time"]

1. e4 c5 2. Nf3 Nc6 3. d4 cxd4 4.
Nxd4 Qb6 5. Nb3 Nf6 6. Qe2 d6 7.
Be3 Qc7 8. Nc3 g6 9. O-O-O Bg7 10.
Kb1 O-O 11. f3 Be6 12. h4 h5 13. g4 hxg4 14. f4 Nh5 15. f5 Bxb3 16. axb3 Ng3 17. Qxg4 Nxh1 18. Bc4 Ne5 19. Qg2 Nxc4 20. bxc4 Qxc4 21.
Nd5 Rfe8 22. fxg6 f6 23. Rxh1 e6 24. Nf4 d5 25. exd5 exd5 26. Bc1 Qe4 27. Qh3 Rac8 28. Rh2 Bh6 29. Nh5 Qe1 30. Nxf6+ Kh8 31. Rh1 Qf2 32.
g7+ Bxg7 33. Nxe8 Qxc2+ 34. Ka2 Rc4 35. Nxg7 Ra4+ 36. Qa3 Rxa3+ 37. Kxa3 Qd3+ 38. Ka2 Qa6+ 39. Kb1 Qd3+ 40. Ka1 Kxg7 41. Rg1+ Kh7 42. Rg5 Qe4 43. h5 d4 44. h6 d3 45. Rg7+ Kh8 46. Bd2 Qa4+ 47.
Kb1 Qc2+ 48. Ka1 Qxd2 49. Rxb7 Qa5+ 50. Kb1 Qe1+ 51. Ka2 d2 0-1

[Event "Late-Titled-Tuesday-Blitz-May-14-2024"]
[Site "Chess.com"]
[Date "2024.05.14"]
[Round "1"]
[White "alexrustemov"]
[Black "zsizsi99"]
[Result "1-0"]
[WhiteElo "2925"]
[BlackElo "2522"]
[TimeControl "180+1"]
[EndTime "14:07:33 PDT"]
[Termination "alexrustemov won on time"]

1. d4 Nf6 2. c4 e6 3. Nf3 d5 4. cxd5 exd5 5. Nc3 c6 6. Bf4 g6 7. e3 Bg7 8. Bd3 O-O 9. h3 Be6 10. O-O Nbd7 11. Qc2 Re8 12. Rab1 Nh5 13. Bh2 f5 14. Ne2 a5 15. Nf4 Nxf4 16. Bxf4 h6 17. h4 Nf6 18. Be5 Ne4 19. g3 Bf8 20. Kg2 a4 21.
Rh1 h5 22. Bf4 Qa5 23. Ne5 Bf7 24.
f3 Qd2+ 25. Qxd2 Nxd2 26. Rbc1 Bg7 27. Nxf7 Kxf7 28. Rhd1 Nc4 29. Bxc4 dxc4 30. Rxc4 Red8 31. Rdc1 Rd5 32. R1c2 Ra6 33. Kf2 Rb5 34. Ke2 Rab6 35.
Kd3 Rxb2 36. Rxa4 Rb1 37. e4 Rd1+ 38. Rd2 Rf1 39. Ke3 Re1+ 40. Re2 Rd1 41. exf5 gxf5 42. Be5 Bxe5 43. dxe5 Rg1 44. Kf4 Ke6 45. Rd4 Rb5 46. Rd6+ Ke7 47. Rh6 Rb4+ 48. Kxf5 Rxg3 49. Rh7+ Ke8 50. f4 Rg4 51. Re4 Rxe4 52. Kxe4 Rxh4 53. Rxb7 Rh2 54. Kf5 1-0

[Event "Late-Titled-Tuesday-Blitz-May-14-2024"]
[Site "Chess.com"]
[Date "2024.05.14"]
[Round "1"]
[White "EsmeraldasAnderson03"]
[Black "mitrabhaa"]
[Result "0-1"]
[WhiteElo "2515"]
[BlackElo "2913"]
[TimeControl "180+1"]
[EndTime "14:07:33 PDT"]
[Termination "mitrabhaa won on time"]

1. d4 Nf6 2. c4 c5 3. d5 e6 4. Nc3 d6 5. e4 a6 6. a4 g6 7. Nf3 exd5 8. cxd5 Bg4 9. h3 Bxf3 10. Qxf3 Nbd7 11.
Bf4 Qe7 12. Bd3 Bg7 13. O-O O-O 14. Rfe1 Ne5 15. Qe3 Rab8 16. Bxe5 Qxe5 17. f4 Qe7 18. e5 Nd7 19. exd6 Qxd6 20. Qe7 Qxf4 21. Qxd7 Qd4+ 22. Kh1 Qxd3 23. Rad1 Qg3 24. Qg4 Qxg4 25. hxg4 Rfe8 26. Ne4 c4 27. Nd6 Rxe1+ 28. Rxe1 Rd8 29.
Nxc4 Rxd5 30. Re8+ Bf8 31. Rb8 Rd4 32. b3 Rd7 33. Kg1 Kg7 34. g5 Be7 35. Na5 Rd5 36.
Nxb7 Bb4 37. Nd8 Bd6 38. Ra8 a5 39. Nb7 Bb4 40. Kf2 Rxg5 41. Kf3 h5 42. Nd8 Rc5 43. Ra7 Rc3+ 44. Ke4 Rxb3 45. Nxf7 Kf6 46. Ne5 Rg3 47.
Ra6+ Kg7 48. Ra7+ Kf8 49. Kd5 Rxg2 50. Ke6 Kg8 51. Ra8+ Bf8 52. Nd7 Rf2 53. Rxa5 h4 54. Ra8 h3 55. Nf6+ Rxf6+ 56. Kxf6 h2 57. Rxf8+ Kxf8 0-1

[Event "Late-Titled-Tuesday-Blitz-May-14-2024"]
[Site "Chess.com"]
[Date "2024.05.14"]
[Round "1"]
[White "MightyGMpretender"]
[Black "HajiyevKanan"]
[Result "0-1"]
[WhiteElo "2787"]
[BlackElo "2463"]
[TimeControl "180+1"]
[EndTime "14:07:34 PDT"]
[Termination "HajiyevKanan won by checkmate"]

1. e4 c6 2. Nf3 d5 3. Nc3 a6 4. d4 Bg4 5. Bd3 e6 6. h3 Bh5 7. O-O Nf6 8. e5 Nfd7 9. Ne2 Bxf3 10. gxf3 c5 11. c3 Nc6 12. Be3 Qb6 13. Rb1 cxd4 14.
cxd4 Nb4 15. a3 Nxd3 16. Qxd3 Be7 17. f4 g6 18. Nc3 Rc8 19. Kh1 Qb3 20. Rg1 Nb6 21.
Qe2 h5 22. Rbd1 Nc4 23. Bc1 Nxa3 24. f5 gxf5 25. Rg3 Qc2 26. Rd2 Qxc1+ 27. Rg1 Rxc3 28.
Rxc1 Rxc1+ 29. Kh2 Nc4 30. Rc2 Rb1 31. Qd3 Rxb2 32. Rxb2 Nxb2 33. Qb3 Nc4 34. Qxb7 a5 35. f4 h4 36. Qc8+ Bd8 37. Qc6+ Kf8 38. Qd7 Kg7 39. Kg2 Bb6 40. Qe7 Bxd4 41. Qg5+ Kf8 42. Qd8+ Kg7 43.
Qf6+ Kg8 44. Qg5+ Kf8 45. Kf3 Nd2+ 46. Ke2 Ne4 47. Qd8+ Kg7 48. Qxa5 Rc8 49. Kd3 Bf2 50.
Ke2 Bg3 51. Ke3 Rc3+ 52. Kd4 Bf2# 0-1

[Event "Late-Titled-Tuesday-Blitz-May-14-2024"]
[Site "Chess.com"]
[Date "2024.05.14"]
[Round "1"]
[White "PattyCastillo"]
[Black "Schattman"]
[Result "0-1"]
[WhiteElo "2064"]
[BlackElo "2564"]
[TimeControl "180+1"]
[EndTime "14:07:34 PDT"]
[Termination "Schattman won by resignation"]

1. d4 Nf6 2. Nf3 g6 3. Nc3 d5 4. Bf4 Bg7 5. e3 c6 6. h4 h5 7. Qd2 Bf5 8. Ne5 Nbd7 9. Be2 Nxe5 10. dxe5 Ne4 11. Nxe4 Bxe4 12. f3 Bf5 13. O-O-O Qb6 14. g4 Be6 15. Qd4 Qxd4 16. exd4 O-O-O 17. Kb1 Rdf8 18. Bg5 f6 19. exf6 Bxf6 20. Bxf6 Rxf6 21. Rdf1 Rf4 22.
c3 hxg4 23. fxg4 Rxf1+ 24. Rxf1 Rxh4 25. Rf8+ Kd7 26. Rf4 g5 27. Rf8 Bxg4 28. Bxg4+ Rxg4 29. Rb8 Kc7 30. Rg8 Rg2 31. a4 a5 32. b4 axb4 33. cxb4 g4 34. Rg7 Kd6 35. b5 cxb5 36. axb5 g3 37. Rg6+ Kd7 38. Kc1 Rg1+ 39. Kd2 g2 40. Ke2 Ra1 41. Kf2 g1=Q+ 42. Rxg1 Rxg1 43.
Kxg1 Kc7 44. Kf2 Kb6 45. Ke3 Kxb5 46. Kf4 Kc4 47. Ke5 b5 0-1

[Event "Late-Titled-Tuesday-Blitz-May-14-2024"]
[Site "Chess.com"]
[Date "2024.05.14"]
[Round "1"]
[White "HowTo2Draw"]
[Black "katharinareinecke"]
[Result "1-0"]
[WhiteElo "2552"]
[BlackElo "1893"]
[TimeControl "180+1"]
[EndTime "14:07:35 PDT"]
[Termination "HowTo2Draw won by resignation"]

1. c4 c6 2. b3 d5 3. Bb2 Nf6 4. d3 e6 5. Nd2 Be7 6. Ngf3 O-O 7. g3 b6 8. Bg2 Bb7 9. O-O Nbd7 10. e4 Ne8 11.
Re1 Bf6 12. e5 Be7 13. cxd5 cxd5 14. d4 g6 15. Qe2 Ng7 16. Nf1 a6 17. Rac1 Rc8 18. h4 Bb4 19. Red1 Qe7 20. Ne3 Bc6 21. Qxa6 Ra8 22. Qe2 Rfc8 23. a4 Ba3 24. Bf1 Nf5 25. Nxf5 gxf5 26. Bxa3 Qxa3 27. Qe3 f4 28. Qxf4 Qxb3 29.
Rd3 Qb4 30. Qg5+ Kh8 31. Qh5 Qf8 32. Ng5 Qg7 33. Nxf7+ Kg8 34. Nh6+ Kh8 35. Rdc3 Bb7 36. Nf7+ Kg8 37. Nd6 Rxc3 38. Rxc3 Rxa4 39. Nxb7 Rxd4 40. Rc8+ Nf8 41. Nd8 Rg4 42. Bg2 Qxe5 43. Qf7+ Kh8 44. Qxf8+ Rg8 45. Qxg8+ Kxg8 46. Nc6+ Kg7 47. Nxe5 1-0

[Event "Late-Titled-Tuesday-Blitz-May-14-2024"]
[Site "Chess.com"]
[Date "2024.05.14"]
[Round "1"]
[White "cthake"]
[Black "VacheH009"]
[Result "0-1"]
[WhiteElo "1852"]
[BlackElo "2552"]
[TimeControl "180+1"]
[EndTime "14:07:36 PDT"]
[Termination "VacheH009 won by resignation"]

1. e4 e6 2. d4 d5 3. Nc3 Nf6 4. Bg5 Bb4 5. e5 h6 6. Bd2 Bxc3 7. bxc3 Ne4 8. Qg4 g6 9. h4 Nxd2 10. Kxd2 c5 11. Rh3 Nc6 12. Bd3 h5 13. Qg3 cxd4 14. cxd4 Nxd4 15. Qf4 Nc6 16. Nf3 Qe7 17. Ng5 Qb4+ 18. Qxb4 Nxb4 19. Rf3 O-O 20. Be2 Nc6 21. Re3 Bd7 22. f4 Rfc8 23. c3 d4 24. cxd4 Nxd4 25. Bd3 Bb5 26. Ne4 Bxd3 27. Kxd3 Nf5 28. Nf6+ Kg7 29.
Re4 Rd8+ 30. Kc2 Rac8+ 31. Kb3 Rd3+ 32. Kb4 Ne7 33. Rb1 Nd5+ 34. Ka5 Rc5+ 35. Ka4 b5+ 36. Ka5 b4+ 37. Ka6 Nxf6 38. exf6+ Kxf6 39. Rbxb4 Ra3+ 40. Ra4 Rxa4+ 41. Rxa4 Rc7 42. Kb5 Kf5 43. g3 Kg4 44. Ra3 f6 45. Re3 Kf5 46. a4 e5 47.
fxe5 fxe5 48. a5 e4 49. a6 Ke5 50. Kb4 Kd4 51. Re1 Kd3 52. Rd1+ Ke2 53. Rd6 e3 54. Rxg6 Kf2 55. g4 e2 56. Re6 hxg4 57. h5 e1=Q+ 58. Rxe1 Kxe1 59. h6 g3 60. h7 Rxh7 61. Kc5 g2 62. Kc6 g1=Q 0-1

[Event "Late-Titled-Tuesday-Blitz-May-14-2024"]
[Site "Chess.com"]
[Date "2024.05.14"]
[Round "1"]
[White "PositionalPanther"]
[Black "dropstoneDP"]
[Result "1/2-1/2"]
[WhiteElo "2535"]
[BlackElo "2949"]
[TimeControl "180+1"]
[EndTime "14:07:37 PDT"]
[Termination "Game drawn by repetition"]

1. Nf3 Nf6 2. g3 c5 3. Bg2 Nc6 4. O-O e5 5. c4 d5 6. cxd5 Nxd5 7.
Nc3 Be6 8. Ne1 Be7 9. Nc2 O-O 10. Ne3 Nb6 11. b3 Qd7 12. Bb2 Rad8 13. d3 Bh3 14. Qd2 Bxg2 15. Nxg2 Nd4 16. Rac1 Nd5 17. Nxd5 Qxd5 18.
Bxd4 cxd4 19. Rc2 Rc8 20. Rfc1 Rxc2 21. Qxc2 Ba3 22. Qc4 Qxc4 23. Rxc4 f6 24. Rc7 Rf7 25. Rc8+ Rf8 26. Rc7 Rf7 27. Rc8+ Bf8 28. Ne1 Rd7 29.
Nf3 Kf7 30. Nd2 Bb4 31. Ne4 Be7 32. g4 g6 33. Nc5 Bxc5 34. Rxc5 Ke6 35. Rc8 Kd6 36. Kg2 Rc7 37. Rxc7 Kxc7 38. a3 Kd6 39. h4 Kd5 40. f3 h5 41. Kg3 f5 42. gxf5 gxf5 43. Kh3 a5 44. Kg3 b5 45. Kh3 a4 46.
b4 e4 47. f4 e3 48. Kg3 Kd6 49.
Kf3 Ke6 50. Kg3 Kd5 51. Kf3 Kd6 52. Kg3 Ke6 53. Kf3 Kf7 54. Kg3 Ke7 55. Kf3 Ke6 56.
Kg3 Kd5 57. Kf3 Kd6 58. Kg3 Ke6 59. Kf3 Kd5 60. Kg3 Kd6 61. Kf3 Ke6 1/2-1/2

[Event "Late-Titled-Tuesday-Blitz-May-14-2024"]
[Site "Chess.com"]
[Date "2024.05.14"]
[Round "1"]
[White "zacachess"]
[Black "Umumba_FM"]
[Result "0-1"]
[WhiteElo "2367"]
[BlackElo "2683"]
[TimeControl "180+1"]
[EndTime "14:07:38 PDT"]
[Termination "Umumba_FM won on time"]

1. e4 e5 2. Nf3 d6 3. d4 exd4 4. Nxd4 Nf6 5. Nc3 Be7 6. Bf4 O-O 7. Qd2 c6 8. O-O-O b5 9. f3 b4 10. Nce2 c5 11. Nf5 Bxf5 12. exf5 d5 13. g4 d4 14. Ng3 Nd5 15. Kb1 Nc6 16. Bc4 Nxf4 17. Qxf4 Bg5 18. Qe4 Na5 19. Qd3 Re8 20. Ne4 Rc8 21. h4 Bf4 22. g5 Nxc4 23. Qxc4 Re5 24. f6 Qd5 25. Qxd5 Rxd5 26. fxg7 Kxg7 27. Nf6 Rf5 28.
Rhe1 Bg3 29. Nh5+ Kg6 30. Nxg3 Rxf3 31. Ne4 Rf4 32. Nd6 Rc6 33. Re4 Rf2 34. Nc4 Re6 35.
Rxe6+ fxe6 36. b3 Rf4 37. Re1 Rxh4 38. Rxe6+ Kxg5 39. Re7 Rh1+ 40. Kb2 Rh2 41. Re5+ Kf6 42. Rxc5 d3 43. Ne3 d2 44. Rd5 Ke6 45. Rd3 Rf2 46. Nc4 h5 47. Nxd2 h4 48. Ne4 Rh2 49. Ng5+ Ke7 50. Nh3 a5 51. Rf3 Kd6 52. Nf4 Ke5 53. Rh3 Rf2 54. Rxh4 Rxf4 55. Rxf4 Kxf4 56. c3 Ke4 57. c4 Kd4 58. a3 Ke4 0-1